 Dungeon Crawl Stone Soup version 0.23.2-1-ga50397a6bc (webtiles) character file.

Game seed: 16754472817347940713

11742 EvilAshe the Covert (level 11, -2/99 HPs)
             Began as a Naga Ice Elementalist on May 25, 2019.
             Was an Elder of Sif Muna.
             Slain by a red ugly thing (20 damage)
             ... on level 12 of the Dungeon.
             The game lasted 00:56:09 (16459 turns).

EvilAshe the Covert (Naga Ice Elementalist)        Turns: 16459, Time: 00:56:10

Health: -2/99      AC: 12    Str:  7    XL:     11   Next: 82%
Magic:  16/26      EV: 12    Int: 22    God:    Sif Muna [****..]
Gold:   461        SH:  4    Dex: 17    Spells: 6/18 levels left

rFire    . . .     SeeInvis +   P - +2 trident of Subterfuge {pierce, Str-4 Dex+6}
rCold    . . .     Gourm    +   Q - +0 buckler
rNeg     . . .     Faith    .   u - +0 leather armour
rPois    +         Spirit   .   M - +2 hat
rElec    .         Reflect  .   r - +1 cloak
rCorr    +         Harm     .   A - +2 pair of gloves
MR       +....                  (no barding)
Stlth    +++++.....             n - amulet of Ren Zami {Gourm Int+3 Slay+3}
HPRegen  0.26/turn              B - ring of magical power
MPRegen  0.20/turn              G - ring of resist corrosion

@: heavily drained, divine energy, very slow
A: large, see invisible, deformed body, poison resistance, slowness 2, slow
metabolism 1, spit poison 1, AC +3
a: Spit Poison, Stop Divine Energy, Channel Magic, Forget Spell, Renounce
Religion


You were on level 12 of the Dungeon.
You worshipped Sif Muna.
Sif Muna was greatly pleased with you.
You were very full.

You visited 1 branch of the dungeon, and saw 13 of its levels.

You collected 713 gold pieces.
You spent 252 gold pieces at shops.

Inventory:

Hand Weapons
 f - a +2 falchion of electrocution
   (You found it on level 3 of the Dungeon)
 P - the +2 trident of Subterfuge (weapon) {pierce, Str-4 Dex+6}
   (You found it on level 12 of the Dungeon)

   It inflicts extra damage upon your enemies.
   It affects your strength (-4).
   It affects your dexterity (+6).
Missiles
 E - 2 throwing nets (quivered) {!f}
Armour
 m - a +0 robe of fire resistance
   (You found it on level 7 of the Dungeon)
 r - a +1 cloak (worn)
   (You found it on level 3 of the Dungeon)
 u - a +0 leather armour (worn)
   (You found it on level 8 of the Dungeon)
 A - a +2 pair of gloves (worn)
   (You found it on level 7 of the Dungeon)
 M - a +2 hat (worn)
   (You bought it in a shop on level 12 of the Dungeon)
 Q - a +0 buckler (worn)
   (You took it off a tengu conjurer on level 12 of the Dungeon)
Jewellery
 n - the amulet of Ren Zami (around neck) {Gourm Int+3 Slay+3}
   (You found it on level 7 of the Dungeon)

   [amulet of the gourmand]

   It allows you to eat raw meat even when not hungry.
   It affects your intelligence (+3).
   It affects your accuracy and damage with ranged weapons and melee attacks
   (+3).
 q - a +2 amulet of reflection
   (You took it off a hobgoblin on level 2 of the Dungeon)
 B - a ring of magical power (left hand)
   (You found it on level 1 of the Dungeon)
 C - an uncursed ring of protection from cold
   (You found it on level 10 of the Dungeon)
 G - a ring of resist corrosion (right hand)
   (You found it on level 10 of the Dungeon)
Wands
 c - a wand of disintegration (12) {!d}
   (You found it on level 8 of the Dungeon)
 d - a wand of iceblast (11)
   (You found it on level 10 of the Dungeon)
 v - a wand of digging (7)
   (You found it on level 3 of the Dungeon)
 x - a wand of acid (4)
   (You found it on level 10 of the Dungeon)
 J - a wand of enslavement (9)
   (You found it on level 11 of the Dungeon)
Scrolls
 g - a scroll of fear {unknown}
 i - 2 scrolls of amnesia
 k - a scroll of magic mapping
 l - 6 scrolls of remove curse {@r2}
 s - a scroll of immolation {unknown}
 t - 2 scrolls of fog
 y - 6 scrolls of teleportation {@r4}
 z - 3 scrolls of enchant armour
 K - a scroll of enchant weapon {unknown}
 N - a scroll of silence {unknown}
Potions
 a - 2 potions of berserk rage {unknown}
 b - a potion of invisibility
 h - 4 potions of flight
 j - 2 potions of haste {@q3}
 o - a potion of magic {unknown}
 p - a potion of curing {unknown}
 w - 3 potions of lignification {!q}
 D - a potion of resistance {unknown}
 H - a potion of agility
 I - 3 potions of cancellation
 L - 2 potions of mutation {unknown}
Miscellaneous
 F - a sack of spiders
Comestibles
 e - 26 rations {!d}


   Skills:
 + Level 6.8(5.6) Fighting
 + Level 7.2(5.9) Dodging
 + Level 12.9(11.4) Stealth
 + Level 0.5(0.0) Shields
 - Level 4.0(2.8) Spellcasting
 + Level 4.7(3.5) Conjurations
 + Level 4.6(3.4) Summonings
 - Level 10.1(8.7) Ice Magic


You had 6 spell levels left.
You knew the following spells:

 Your Spells              Type           Power        Failure   Level  Hunger
a - Freeze                Ice            ####         1%          1    None
b - Ozocubu's Armour      Chrm/Ice       ###.....     16%         3    ###....
c - Throw Icicle          Conj/Ice       ####....     26%         4    ####...
d - Summon Ice Beast      Ice/Summ       ####....     26%         4    ####...

Your spell library contained the following spells:

 Spells                   Type           Power        Failure   Level  Hunger
 Throw Frost              Conj/Ice       ####..       3%          2    ##.....
 Magic Dart               Conj           ###.         8%          1    None
 Call Imp                 Summ           ###.....     12%         2    ##.....
 Blink                    Tloc           N/A          43%         2    ##.....
 Slow                     Hex            #.......     43%         2    ##.....
 Conjure Flame            Conj/Fire      ##......     43%         3    ###....
 Mephitic Cloud           Conj/Pois/Air  #.......     52%         3    ###....
 Petrify                  Tmut/Erth      #.......     97%         4    ####...
 Ring of Flames           Chrm/Fire      #.........   100%        7    #######


Dungeon Overview and Level Annotations

Branches:
Dungeon (13/15)            Temple (0/1) D:6            Lair (0/6) D:11
    Orc (0/2) D:10
 Vaults: D:13-14

Altars:
Ashenzari
Cheibriados
Dithmenos
Elyvilon
Fedhas
Gozag
Hepliaklqana
Makhleb
Okawaru
Sif Muna
Trog
Uskayaw
Xom
Yredelemnul
The Shining One
Beogh

Shops:
D:5 [   D:8 (   D:9 *   D:12 [

Annotations:
D:10 2 runed translucent doors, AxeAttX's ghost, novice DDFi
D:12 3 runed translucent doors, Renjy's ghost, journeyman OpFE
D:13 Nessos


Innate Abilities, Weirdness & Mutations

You cannot wear boots.
Your serpentine skin is tough. (AC +3)
You have supernaturally acute eyesight. (SInv)
Armour fits poorly on your strangely shaped body.
Your system is resistant to poisons. (rPois)
You cover ground very slowly.
You have a slow metabolism.
You can spit poison.


Message History

Your ice beast dies!
Attack whom?
Aim: a wight, wielding a +3 long sword of freezing and wearing a +0 robe You reach to attack!
You hit the red ugly thing. The troll bites you!
The troll claws you but does no damage. The troll closely misses you.
The red ugly thing headbutts you.
You are engulfed in flames!
The troll bites you! The troll claws you! The troll closely misses you.
You climb upwards.
Level annotation: 3 runed translucent doors, Renjy's ghost, journeyman OpFE
There is a stone staircase leading down here.
Aim: a red ugly thing (lightly wounded)
You freeze the red ugly thing. The troll misses you. The troll claws you.
The troll claws you but does no damage. The red ugly thing barely misses you.
Aim: a red ugly thing (lightly wounded)
You freeze the red ugly thing!
The red ugly thing headbutts you but does no damage.
The troll barely misses you. The troll completely misses you.
The troll claws you but does no damage.
Okay, then.
A chill wind blows around you. The troll barely misses you. x2
The troll completely misses you.
The red ugly thing headbutts you but does no damage.
You block the troll's attack. The troll claws you!
* * * LOW HITPOINT WARNING * * *
The troll barely misses you.
Your ice beast hits the red ugly thing.
Your ice beast freezes the red ugly thing!
A chill wind blows around you. The red ugly thing headbutts you!
* * * LOW HITPOINT WARNING * * *
You are engulfed in flames!
* * * LOW HITPOINT WARNING * * *
The troll bites you but does no damage. The troll claws you but does no damage.
The troll barely misses you.
Your ice beast closely misses the red ugly thing.
The red ugly thing headbutts your ice beast.
Your ice beast is engulfed in flames!!
Your ice beast melts!
Your ice beast closely misses the red ugly thing.
Your ice beast hits the troll but does no damage.
The red ugly thing headbutts your ice beast!
Your ice beast is engulfed in flames!!
Your ice beast melts!
Your ice beast dies!
You puncture the troll! The troll closely misses you. The troll misses you.
The troll barely misses you.
Your ice beast barely misses the troll.
The troll misses you. You block the troll's attack. The troll misses you.
You hit the troll.
Your ice beast hits the troll.
Your ice beast freezes the troll!
The red ugly thing headbutts you.
* * * LOW HITPOINT WARNING * * *
You are engulfed in flames!!
You die...

######## ####### #......#
#.....# #......# #.....#
#......# #.@u..# #......#
#..T>.# ###......# #..Y..#####
#..#############......#
#.....#....#...#......#
#.....#....#...#......#
#.....#....'...#......#
#####..##....###'#......#######
..###..#######....######......#


You could see a red ugly thing, a troll and a friendly ice beast.

Vanquished Creatures
  Harold (D:8)
  An unseen horror (D:12)
  A manticore (D:12)
  A centaur skeleton (D:13)
  A komodo dragon (D:13)
  A tengu conjurer (D:12)
  A queen bee (D:8)
  3 hippogriffs
  Sigmund (D:3)
  A yak (D:11)
  A wyvern (D:10)
  Menkaure (D:5)
  A hungry ghost (D:11)
  4 vampire mosquitoes (D:12)
  A water moccasin (D:6)
  7 orc warriors
  An ice beast (D:13)
  5 sky beasts
  2 phantoms
  An eye of draining (D:12)
  7 ogres
  8 centaurs
  13 bullfrogs
  2 big kobolds
  A scorpion (D:4)
  15 killer bees (D:8)
  6 wights
  2 howler monkeys
  5 crimson imps
  A bullfrog zombie (D:12)
  4 hounds
  A centaur zombie (D:9)
  5 jellies
  Crazy Yiuf (D:3)
  4 orc priests
  6 gnoll shamans
  Jessica (D:3)
  5 bullfrog skeletons
  6 iguanas
  15 orc wizards
  8 worker ants
  2 hound skeletons
  A worker ant zombie (D:11)
  18 gnolls
  17 adders
  3 oozes
  An adder skeleton (D:5)
  5 worms
  3 dart slugs
  8 leopard geckos
  42 orcs
  3 bats (D:3)
  6 giant cockroaches
  7 goblins
  9 hobgoblins
  7 jackals
  5 quokkas
  3 ball pythons
  5 frilled lizards
  A jackal zombie (D:7)
  5 kobolds
  A quokka skeleton (D:7)
  13 rats
  A plant (D:11)
318 creatures vanquished.

Vanquished Creatures (collateral kills)
  A wraith (D:12)
  2 yaks (D:11)
  A hungry ghost (D:11)
  2 vampire mosquitoes (D:12)
  A big kobold (D:11)
  A wight (D:11)
8 creatures vanquished.

Vanquished Creatures (others)
  3 plants (D:11)
  4 toadstools (D:1)
7 creatures vanquished.

Grand Total: 333 creatures vanquished

Notes
Turn   | Place    | Note
-------+----------+-------------------------------------------
     0 | D:1      | EvilAshe the Naga Ice Elementalist began the quest for the
                  | Orb.
     0 | D:1      | Reached XP level 1. HP: 15/15 MP: 3/3
   300 | D:1      | Reached XP level 2. HP: 20/22 MP: 1/5
   460 | D:1      | Found a shimmering altar of Xom.
   787 | D:2      | You fall through a shaft for 2 floors!
   787 | D:4      | Found a bloodstained altar of Trog.
   788 | D:4      | Noticed a moth of wrath
   804 | D:4      | Reached XP level 3. HP: 10/28 MP: 0/6
  1154 | D:4      | Found a deep blue altar of Sif Muna.
  1161 | D:4      | Noticed a scorpion
  1172 | D:4      | Killed a scorpion
  1172 | D:4      | Reached skill level 4 in Stealth
  1172 | D:4      | Reached XP level 4. HP: 11/36 MP: 2/7
  1379 | D:4      | Became a worshipper of Sif Muna the Loreminder
  1388 | D:4      | Learned a level 3 spell: Ozocubu's Armour
  1538 | D:4      | Reached XP level 5. HP: 32/42 MP: 9/9
  1673 | D:3      | Noticed Sigmund
  1692 | D:3      | Killed Sigmund
  1692 | D:3      | Reached skill level 5 in Stealth
  1692 | D:3      | Reached XP level 6. HP: 5/49 MP: 6/10
  2753 | D:2      | Found a hide-covered altar of Uskayaw.
  2950 | D:2      | Learned a level 4 spell: Throw Icicle
  3032 | D:3      | Reached skill level 5 in Ice Magic
  3173 | D:3      | Noticed Jessica
  3185 | D:3      | Killed Jessica
  3268 | D:3      | Found a runed translucent door.
  3269 | D:3      | Noticed Crazy Yiuf
  3439 | D:3      | Reached * piety under Sif Muna
  3439 | D:3      | Reached XP level 7. HP: 55/55 MP: 9/12
  3818 | D:3      | Found a faded altar of an unknown god.
  4069 | D:3      | Killed Crazy Yiuf
  4069 | D:3      | Reached skill level 6 in Stealth
  4313 | D:4      | Learned a level 4 spell: Summon Ice Beast
  4773 | D:5      | Entered Level 5 of the Dungeon
  4948 | D:5      | Reached XP level 8. HP: 56/62 MP: 14/14
  5003 | D:5      | Noticed Menkaure
  5010 | D:5      | Killed Menkaure
  5010 | D:5      | Reached skill level 7 in Stealth
  5295 | D:5      | Identified the Handbook of Enhancements and Transmigration
  5625 | D:5      | Found Doisseul's Armour Emporium.
  6079 | D:6      | Found a staircase to the Ecumenical Temple.
  6080 | D:6      | Noticed a troll
  6416 | D:6      | Reached skill level 1 in Fighting
  6416 | D:6      | Reached skill level 8 in Stealth
  6694 | D:6      | Found a white marble altar of Elyvilon.
  6713 | D:6      | Reached XP level 9. HP: 56/73 MP: 15/15
  6827 | D:6      | Reached ** piety under Sif Muna
  6919 | D:6      | Found a snail-covered altar of Cheibriados.
  6921 | D:6      | Found a hazy altar of Hepliaklqana.
  6924 | D:6      | Found a glowing golden altar of the Shining One.
  6925 | D:6      | Found a burning altar of Makhleb.
  6925 | D:6      | Found an iron altar of Okawaru.
  6930 | D:6      | Found a blossoming altar of Fedhas.
  6931 | D:6      | Found an opulent altar of Gozag.
  6932 | D:6      | Found a shattered altar of Ashenzari.
  6933 | D:6      | Found a shadowy altar of Dithmenos.
  7311 | D:7      | Reached skill level 9 in Stealth
  7364 | D:7      | Got a flickering tin amulet
  8094 | D:8      | Reached skill level 5 in Dodging
  8317 | D:8      | Found Natinum's Antique Weapon Shoppe.
  8325 | D:8      | Identified the amulet of Ren Zami {Gourm Int+3 Slay+3} (You
                  | found it on level 7 of the Dungeon)
  8585 | D:8      | Reached skill level 10 in Stealth
  8775 | D:8      | Noticed a queen bee
  8781 | D:8      | Killed a queen bee
  8781 | D:8      | Reached XP level 10. HP: 79/85 MP: 11/16
  8830 | D:8      | Reached *** piety under Sif Muna
  9932 | D:9      | Noticed Harold
  9960 | D:8      | Killed Harold
  9960 | D:8      | Reached skill level 11 in Stealth
  9960 | D:8      | Reached skill level 10 in Ice Magic
 10238 | D:9      | Reached skill level 5 in Fighting
 10269 | D:9      | Found Ushups's General Store.
 10339 | D:9      | Reached skill level 1 in Summonings
 10469 | D:9      | Found a basalt altar of Yredelemnul.
 10633 | D:9      | Found a deep blue altar of Sif Muna.
 10786 | D:10     | Entered Level 10 of the Dungeon
 10872 | D:10     | Found a large runed translucent door.
 10872 | D:10     | Found a large runed translucent door.
 10873 | D:10     | Noticed AxeAttX's ghost (novice DDFi)
 11131 | D:10     | Found a staircase to the Orcish Mines.
 11254 | D:11     | Reached **** piety under Sif Muna
 11557 | D:11     | HP: 4/88 [yak (7)]
 11559 | D:11     | Reached XP level 11. HP: 5/97 MP: 4/17
 12550 | D:11     | Reached skill level 12 in Stealth
 13026 | D:11     | Found a staircase to the Lair.
 14055 | D:12     | Noticed an unseen horror
 14069 | D:12     | Killed an unseen horror
 14339 | D:12     | Found Vearghips's Antique Armour Shoppe.
 14707 | D:12     | Bought an embroidered hat for 252 gold pieces
 15058 | D:12     | Found a runed translucent gate.
 15059 | D:12     | Found a runed translucent gate.
 15059 | D:12     | Identified the cursed +3 bardiche of Fatigue {chop, rC+
                  | MP-9 Dex+2}
 15059 | D:12     | Noticed an orc knight
 15059 | D:12     | Noticed Renjy's ghost (journeyman OpFE)
 15060 | D:12     | Found a runed translucent gate.
 15066 | D:12     | Found a roughly hewn altar of Beogh.
 15198 | D:12     | Got an encrusted trident
 15280 | D:12     | Noticed a manticore
 15290 | D:12     | Killed a manticore
 15869 | D:13     | Noticed a red ugly thing
 15869 | D:13     | Noticed a centaur warrior
 16295 | D:13     | Noticed Nessos
 16414 | D:12     | Identified the +2 trident of Subterfuge {pierce, Str-4
                  | Dex+6} (You found it on level 12 of the Dungeon)
 16459 | D:12     | Slain by a red ugly thing

Skill      XL: |  1  2  3  4  5  6  7  8  9 10 11 |
---------------+----------------------------------+-----
Dodging        | 2 3 4 5 6 7 |  7.2
Stealth        | 4 5 6 8 10 11 12 | 12.9
Ice Magic      | 4 5 6 7 9 10 | 10.1
Spellcasting   | 3 4 |  4.0
Fighting       | 1 4 5 6 |  6.8
Summonings     | 2 4 |  4.6
Conjurations   | 2 4 |  4.7
Shields        | |  0.5

Action                   |  1- 3 |  4- 6 |  7- 9 | 10-12 || total
-------------------------+-------+-------+-------+-------++-------
Melee: Hand axe          |    19 |       |       |       ||    19
       Unarmed           |     1 |       |       |       ||     1
       Long sword        |     1 |     9 |       |       ||    10
       Falchion          |       |    27 |    94 |   128 ||   249
       Trident           |       |       |       |     5 ||     5
 Cast: Freeze            |    30 |    43 |   169 |   292 ||   534
       Ozocubu's Armour  |       |     2 |     6 |     9 ||    17
       Throw Icicle      |       |       |     4 |     3 ||     7
       Summon Ice Beast  |       |       |       |    22 ||    22
Invok: Divine Energy     |       |       |     1 |       ||     1
 Abil: Spit Poison       |     6 |    19 |    44 |    22 ||    91
Evoke: Sack of spiders   |       |       |       |     2 ||     2
  Use: Scroll            |       |       |    13 |     7 ||    20
       Potion            |       |       |     1 |     1 ||     2
 Stab: Sleeping          |     4 |    10 |    25 |    21 ||    60
  Eat: Chunk             |     1 |     6 |    21 |    38 ||    66
       Ration            |       |       |     1 |       ||     1
Armor: Robe              |     6 |     8 |    68 |     7 ||    89
       Leather armour    |       |       |       |   187 ||   187
Dodge: Dodged            |    24 |    33 |   150 |   308 ||   515
Block: Other             |       |       |     9 |       ||     9
       Buckler           |       |       |       |     4 ||     4
       Rpst.: Long sword |     3 |     4 |       |       ||     7
       Falchion          |       |     2 |    54 |    84 ||   140
